 Dungeon Crawl Stone Soup version 0.31-a0-174-g85c54bcb58 (webtiles) character file.

Game seed: 14513624336627159345

530 Gargoyl the Chopper (level 7, -2/44 HPs)
             Began as a Gargoyle Berserker on June 15, 2023.
             Was a Believer of Trog.
             Slain by an orc priest
             ... wielding a +0 hand axe
              (7 damage)
             ... on level 4 of the Dungeon.
             The game lasted 00:04:17 (2439 turns).

Gargoyl the Chopper (Gargoyle Berserker)            Turns: 2439, Time: 00:04:17

Health: -2/44      AC: 12    Str: 21    XL:     7   Next: 24%
Magic:  7/7        EV: 10    Int:  9    God:    Trog [**....]
Gold:   104        SH:  6    Dex: 11    Spells: 6/6 levels left

rFire   . . .        h - +4 long sword of the Brain {holy, Drain rElec Int+2 Stlth+}
rCold   . . .        m - +0 kite shield
rNeg    + . .        d - +1 ring mail
rPois   ∞            b - +0 helmet
rElec   +            (no cloak)
rCorr   .            (no gloves)
SInv    .            (no boots)
Will    ++...        (no amulet)
Stlth   ++           (no ring)
HPRegen 1.27/turn    (no ring)
MPRegen 0.10/turn

%: no passive effects
@: mighty, strong-willed, on berserk cooldown, regenerating, slowed, very slow
A: sickness immunity, AC +4, negative energy resistance 1, electricity
resistance, torment resistance 1, petrification resistance
a: Renounce Religion, Berserk, Trog's Hand


You were on level 4 of the Dungeon.
You worshipped Trog.
Trog was pleased with you.
You visited 1 branch of the dungeon, and saw 4 of its levels.

You collected 104 gold pieces.

Inventory:

Hand Weapons
 a - a +0 hand axe
 h - the +4 long sword of the Brain (weapon) {holy, Drain rElec Int+2 Stlth+}
   (You found it on level 3 of the Dungeon)

   Int:       It affects your intelligence (+2).
   rElec:     It insulates you from electricity.
   Drain:     It drains your maximum health when unequipped.
   Stlth:     It makes you more stealthy.
Missiles
 n - 4 poisoned darts
Armour
 b - a +0 helmet (worn)
 d - a +1 ring mail (worn)
 m - a +0 kite shield (worn)
Scrolls
 c - 2 scrolls of identify
 e - a scroll of teleportation
 k - a scroll of revelation {unknown}
Potions
 f - a potion of might
 g - 2 potions of attraction {unknown}
 i - 5 potions of heal wounds {unknown}
 l - a potion of degeneration {unknown}


   Skills:
 + Level 4.5 Fighting
 + Level 0.4 Long Blades
 + Level 5.4 Axes
 + Level 4.0 Armour
 + Level 2.7 Dodging
 + Level 0.6 Stealth


You had 6 spell levels left.
You didn't know any spells.
Your spell library was empty.

Dungeon Overview and Level Annotations

Branches:
Dungeon (4/15)
 Temple: D:4-7

Altars:
Ashenzari
Makhleb
Sif Muna
Uskayaw


Innate Abilities, Weirdness & Mutations

You are immune to sickness and miasma.
Your stone body is resilient. (AC +4)
You are immune to poison.
You resist negative energy. (rN+)
You are resistant to electric shocks. (rElec)
You are resistant to unholy torment.
You are immune to petrification.


Message History

You feel better. The orc hits you but does no damage.
The orc priest hits you with a +0 flail.
You block the orc's attack. The orc completely misses you.
You block the orc priest's attack.
The orc priest hits you with a +0 flail.
The orc priest barely misses you. The orc barely misses you.
The orc hits you but does no damage. x2
You closely miss the orc priest.
The orc priest is moderately wounded.
The orc misses you.
The orc priest hits you with a +0 flail.
You block the orc's attack. The orc hits you but does no damage.
The orc priest hits you with a +0 hand axe.
* * * LOW HITPOINT WARNING * * *
The orc hits you but does no damage. The orc priest barely misses you.
The orc hits you but does no damage.
The orc priest miscasts a cantrip.
The orc hits you but does no damage.
You feel very mighty all of a sudden. The orc misses you.
The orc barely misses you.
The orc priest looks encouraged for a moment.
The orc hits you but does no damage.
The orc priest mumbles some strange prayers to Beogh against you.
Pain shoots through your body!
* * * LOW HITPOINT WARNING * * *
The orc hits you but does no damage.
The orc priest hits you but does no damage.
The orc hits you but does no damage.
The orc priest looks satisfied for a moment.
You block the orc's attack.
You barely miss the orc priest.
The orc priest is moderately wounded.
The orc hits you with a +0 whip.
* * * LOW HITPOINT WARNING * * *
You block the orc priest's attack. The orc hits you but does no damage.
The orc hits you with a +0 mace.
* * * LOW HITPOINT WARNING * * *
The orc priest closely misses you. The orc hits you but does no damage.
The orc priest hits you with a +0 hand axe!
You die...

.# #.# ## #.# ...
#.# #... ###.###
# ..... #.....#
...
......#oo..!####.
#.
......o@o........
##
......#o....####
.....
#?....########
#...
###..........##
##.
#########...####
# #.......
#...#### #####


You could see 2 orc priests and 3 orcs.

Vanquished Creatures
  Grinder (D:3)
  Sigmund (D:3)
  An orc priest (D:4)
  An orc wizard (D:4)
  Robin (D:3)
  2 adders
  A worm (D:2)
  2 dart slugs
  6 orcs
  4 ball pythons
  9 endoplasms
  2 giant cockroaches (D:1)
  7 goblins
  8 hobgoblins
  4 jackals (D:2)
  5 kobolds
  4 quokkas
  5 bats (D:1)
  A frilled lizard (D:2)
  4 rats
69 creatures vanquished.

Notes
Turn   | Place    | Note
-------+----------+-------------------------------------------
     0 | D:1      | Gargoyl the Gargoyle Berserker began the quest for the Orb.
     0 | D:1      | Reached XP level 1. HP: 14/14 MP: 1/1
    55 | D:1      | Reached XP level 2. HP: 8/19 MP: 2/2
   152 | D:1      | Reached skill level 3 in Axes
   364 | D:1      | Reached XP level 3. HP: 19/24 MP: 3/3
   457 | D:1      | Reached ** piety under Trog
  1033 | D:2      | Reached XP level 4. HP: 28/29 MP: 4/4
  1433 | D:3      | Found a broken altar of Ashenzari.
  1437 | D:3      | Identified the +3 scale mail of Fun and Games {rElec rF-
                  | Int+3 Stlth+}
  1496 | D:3      | Noticed Robin
  1520 | D:3      | Killed Robin
  1602 | D:3      | Noticed Sigmund
  1616 | D:3      | Killed Sigmund
  1617 | D:3      | Reached skill level 4 in Axes
  1617 | D:3      | Reached XP level 5. HP: 33/33 MP: 5/5
  1617 | D:3      | Reached XP level 6. HP: 38/38 MP: 6/6
  1737 | D:3      | Found a hide-covered altar of Uskayaw.
  1737 | D:3      | Found a burning altar of Makhleb.
  1738 | D:3      | Found a shimmering blue altar of Sif Muna.
  2138 | D:3      | Identified the +4 long sword of the Brain {holy, Drain
                  | rElec Int+2 Stlth+}
  2160 | D:3      | Noticed Grinder
  2163 | D:3      | Paralysed by Grinder for 3 turns
  2169 | D:3      | Killed Grinder
  2170 | D:3      | Reached skill level 5 in Axes
  2170 | D:3      | Reached XP level 7. HP: 44/44 MP: 7/7
  2439 | D:4      | Slain by an orc priest

Illustrated notes

Levels and vault maps discovered:
D:1:      nzn_arrival_water_spiral, layout_rooms, st_stairs_10,
          minmay_splitting_lines, nrook_loot_triangle, hangedman_decor_riveting,
          hangedman_glass_teeth
D:2:      layout_basic
D:3:      layout_loops_corners, ashenzari_altar_1,
          gammafunk_temple_overflow_claw, chequers_arboretum, uniq_robin,
          uniq_sigmund, uniq_grinder
D:4:      layout_loops_ring, zin_statuary, nemelex_xobeh_ov_fountains_minmay,
          temple_pool_b

Skill      XL: |  1  2  3  4  5  6 |
---------------+-------------------+-----
Axes           | 3 4 5 |  5.4
Dodging        | 2 |  2.7
Fighting       | 4 |  4.5
Armour         | 3 4 |  4.0
Long Blades    | |  0.4
Stealth        | |  0.6

Action                     |  1- 3 |  4- 6 |  7- 9 || total
---------------------------+-------+-------+-------++-------
  Melee: Hand axe          |   131 |    70 |       ||   201
         Punch             |     1 |       |       ||     1
         Long sword        |       |     3 |    20 ||    23
 Invoke: Berserk           |     1 |     3 |     1 ||     5
         Trog's Hand       |     1 |     2 |     2 ||     5
    Use: Scroll            |     2 |     2 |       ||     4
         Potion            |       |       |     2 ||     2
 Armour: Animal skin       |    26 |       |       ||    26
         Ring mail         |    57 |    40 |    36 ||   133
  Dodge: Dodged            |   101 |    37 |    20 ||   158
  Block: Kite shield       |       |       |    12 ||    12

Table legend: (Time is in decaauts)
 A = Elapsed time spent in this place.
 B = Non-inter-level travel time spent in this place.
 C = Inter-level travel time spent in this place.
 D = Time resting spent in this place.
 E = Time spent auto-exploring this place.
 F = Levels seen in this place.
 G = Mean time per level.
                   A        B        C        D        E       F      G
               +--------+--------+--------+--------+--------+-----+--------+
         Total |   2519 |   2412 |    107 |     34 |   1746 |   4 |  629.8 |
       Dungeon |   2519 |   2412 |    107 |     34 |   1746 |   4 |  629.8 |
               +--------+--------+--------+--------+--------+-----+--------+

Top non-repeatable levels by time:
     D:3: 989 daAuts
     D:1: 745 daAuts
     D:2: 685 daAuts
     D:4: 99 daAuts
